 Dungeon Crawl Stone Soup version 0.19.3-1-g3169bf9 (webtiles) character file.

11600 Clownie the Cleaver (level 12, -16/98 HPs)
             Began as a Formicid Gladiator on Jan 24, 2017.
             Was a Believer of Makhleb.
             Killed from afar by a wizard (34 damage)
             ... with a fireball
             ... on level 14 of the Dungeon on Jan 25, 2017.
             The game lasted 00:21:01 (11120 turns).

Clownie the Cleaver (Formicid Gladiator)           Turns: 11120, Time: 00:21:02

Health: -16/98     AC:  7    Str: 22 (23) XL:     12   Next: 9%
Magic:  17/17      EV: 12    Int: 10      God:    Makhleb [**....]
Gold:   170        SH:  0    Dex: 11      Spells: 0 memorised, 11 levels left

rFire  . . .     SeeInvis +     r - +9 battleaxe "Demonslayer" {chop, +Inv rElec rC-}
rCold  x . .     Gourm    .     q - +0 chain mail
rNeg   + . .     Faith    .     (no shield)
rPois  .         Spirit   .     (helmet unavailable)
rElec  +         Reflect  .     (no cloak)
rCorr  .         Harm     .     n - +0 pair of gloves
MR     .....                    (no boots)
Stlth  ..........               e - amulet of magic regeneration
                                I - +3 ring of evasion
                                f - ring of positive energy

@: vulnerable, very slightly contaminated, studying Stealth, invisible
(expiring)
A: permanent stasis, dig shafts and tunnels, four strong arms, antennae 3,
clever 1, deformed body, weak 1
a: Dig, Shaft Self, Minor Destruction, Renounce Religion, Turn Visible


You were on level 14 of the Dungeon.
You worshipped Makhleb.
Makhleb was pleased with you.
You were near starving.

You visited 2 branches of the dungeon, and saw 13 of its levels.
You also visited: Sewer.

You collected 542 gold pieces.
You spent 372 gold pieces at shops.

Inventory:

Hand Weapons
 a - a +0 war axe of chopping
 b - a +4 flail of protection
 r - the +9 battleaxe "Demonslayer" (weapon) {chop, +Inv rElec rC-}
   (You acquired it on level 14 of the Dungeon)

   It inflicts extra damage upon your enemies.
   It makes you vulnerable to cold.
   It insulates you from electricity.
   It lets you turn invisible.
 G - a +0 hand axe of holy wrath
Armour
 c - a +0 leather armour
 n - a +0 pair of gloves (worn)
 q - a +0 chain mail (worn)
Jewellery
 e - an amulet of magic regeneration (around neck)
 f - a ring of positive energy (left hand)
 i - a +5 ring of intelligence
 H - an uncursed amulet of regeneration {unknown}
 I - a +3 ring of evasion (right hand)
 L - a +2 amulet of reflection {unknown}
Wands
 t - a wand of lightning (0/15)
 x - a wand of lightning (0/15)
 A - a wand of flame (7/48)
 J - a wand of disintegration (0/24)
Scrolls
 l - 4 scrolls of remove curse
 s - a scroll of enchant armour
 y - a scroll of fear
 z - 3 scrolls of fog
 F - 3 scrolls of magic mapping
 K - a scroll of identify
Potions
 j - a potion of cure mutation
 m - 3 potions of magic
 o - 4 potions of curing
 u - 2 potions of agility
 v - a potion of resistance
 C - 2 potions of brilliance
 E - 3 potions of flight
Books
 h - a manual of Stealth
Comestibles
 d - 7 bread rations
 g - 8 fruits
 k - 2 beef jerkies
 w - 2 meat rations


   Skills:
 - Level 10.5 Fighting
 - Level 12.8 Axes
 - Level 2.0 Throwing
 - Level 7.0 Armour
 - Level 2.6 Dodging
 + Level 7.3 Evocations


You had 11 spell levels left.
You didn't know any spells.

Dungeon Overview and Level Annotations

Branches:
Dungeon (14/15)            Temple (1/1) D:5
   Lair: D:8-11         Orc: D:9-12      Vaults: D:13-14

Altars:
Ashenzari
Cheibriados
Dithmenos
Elyvilon
Fedhas
Gozag
Hepliaklqana
Kikubaaqudgha
Makhleb
Nemelex Xobeh
Okawaru
Qazlal
Ru
Sif Muna
Trog
Uskayaw
Vehumet
Xom
Yredelemnul
Zin
The Shining One

Shops:
D:4 *   D:8 !

Annotations:
D:14 fatfloppyjuicyveiny's ghost, novice KoHu


Innate Abilities, Weirdness & Mutations

You are under a permanent stasis effect.
You can dig through walls and to a lower floor.
Your four strong arms can wield two-handed weapons with a shield.
You have a pair of large antennae on your head. (SInv)
Your mind is acute. (Int +2)
Armour fits poorly on your strangely shaped body.
You are weak. (Str -2)


Message History

Makhleb accepts your kill.
You feel better.
You start resting.
A wizard and a player ghost come into view.
Okay, then.
You extend your mandibles.
You dig through the rock wall.
You retract your mandibles.
You extend your mandibles.
You dig through the rock wall.
You retract your mandibles.
The wizard casts a spell at something.
Your stasis keeps you stable.
You extend your mandibles.
You dig through the rock wall.
You are near starving!
You flicker for a moment.
The wizard gestures at something while chanting.
The fireball explodes!
The fireball engulfs you!
You die...

#########.....#
#.......#.....#
#.............#
#......†#.#.#.#
..........C.#.#
........###p#.#
..............#
..######.(....###
. #..(....@#
######....##
#.........#
#.....<...#
#......#.......#
######.#.......#
#..........
###.......#
#.......#


You could see a cyclops and a wizard.

Vanquished Creatures
  Pikel (D:4)
  The ghost of Naksu the Conjurer, a novice DrCj of Ru (D:7)
  Prince Ribbit (D:6)
  A hippogriff (D:8)
  Sigmund (D:4)
  Eustachio (D:5)
  10 yaks (D:9)
  The ghost of Clownie the Chopper, an amateur FoGl of Makhleb (D:3)
  Edmund (D:4)
  Duvessa (D:6)
  A sky beast (D:6)
  A black bear (D:9)
  3 ogres
  A necrophage (D:9)
  5 centaurs
  A big kobold (D:9)
  4 bullfrogs
  Dowan (D:6)
  A scorpion (D:9)
  12 killer bees (D:9)
  3 crimson imps
  A jelly (D:9)
  A bullfrog zombie (D:6)
  3 bullfrog skeletons
  3 orc priests
  4 orc wizards
  2 hounds
  A centaur skeleton (D:6)
  2 iguanas
  Natasha (twice) (D:4)
  6 worker ants
  A hound zombie (D:10)
  11 adders
  2 howler monkey skeletons
  7 river rats
  A shadow imp (D:6)
  An ooze (Sewer)
  An adder skeleton (D:9)
  A dart slug (D:3)
  8 leopard geckos
  25 orcs
  16 ball pythons
  8 bats
  9 giant cockroaches
  7 goblins
  3 hobgoblins
  5 quokkas
  4 frilled lizards
  A jackal skeleton (D:4)
  15 kobolds
  A quokka skeleton (D:6)
  2 quokka zombies
  31 rats
237 creatures vanquished.

Vanquished Creatures (others)
  The ghost of PossumBlood the Thaumaturge, an amateur DEWz (D:4)
  A slave (D:4)
  2 ogres
  Natasha (D:4)
  2 orcs (D:4)
  A ball python (D:4)
  A leopard gecko skeleton (D:4)
9 creatures vanquished.

Grand Total: 246 creatures vanquished

Notes
Turn   | Place    | Note
-------+----------+-------------------------------------------
     0 | D:1      | Clownie the Formicid Gladiator began the quest for the Orb.
     0 | D:1      | Reached XP level 1. HP: 16/16 MP: 1/1
   200 | D:1      | Reached XP level 2. HP: 18/22 MP: 2/2
   655 | D:1      | Reached XP level 3. HP: 27/27 MP: 3/3
   762 | D:2      | Reached skill level 1 in Armour
   792 | D:2      | Reached skill level 4 in Axes
   855 | D:2      | Reached XP level 4. HP: 29/33 MP: 4/4
   944 | D:2      | You fall through a shaft for 2 floors!
  1043 | D:4      | Noticed Sigmund
  1057 | D:4      | Killed Sigmund
  1057 | D:4      | Reached XP level 5. HP: 21/38 MP: 5/5
  1057 | D:4      | Reached XP level 6. HP: 24/44 MP: 6/6
  1078 | D:4      | Noticed a slave
  1078 | D:4      | Noticed a slave
  1079 | D:4      | Noticed Pikel
  1083 | D:4      | Noticed a slave
  1084 | D:4      | Noticed a slave
  1093 | D:4      | Killed Pikel
  1093 | D:4      | Reached skill level 5 in Axes
  1093 | D:4      | Reached XP level 7. HP: 13/50 MP: 7/7
  1141 | D:4      | Killed Natasha
  1255 | D:4      | Found a glowing drain.
  1259 | Sewer    | Entered a sewer
  1711 | Sewer    | Reached XP level 8. HP: 56/56 MP: 8/8
  1846 | Sewer    | Reached skill level 6 in Axes
  2143 | D:4      | Noticed Edmund
  2201 | D:4      | Killed PossumBlood's ghost
  2202 | D:4      | Killed Edmund
  2202 | D:4      | Reached skill level 7 in Axes
  2538 | D:4      | Noticed Natasha
  2547 | D:4      | Killed Natasha
  3375 | D:3      | Reached skill level 8 in Axes
  3501 | D:3      | Noticed Clownie's ghost (amateur FoGl)
  3521 | D:3      | Killed Clownie's ghost
  3976 | D:3      | Reached XP level 9. HP: 42/61 MP: 9/9
  4105 | D:4      | Found Niro Yss's General Store.
  4113 | D:4      | Bought 2 potions of brilliance for 96 gold pieces
  4128 | D:4      | Noticed Natasha
  4135 | D:4      | Killed Natasha
  4321 | D:4      | Found a shimmering altar of Xom.
  4406 | D:5      | Entered Level 5 of the Dungeon
  4527 | D:5      | Found a staircase to the Ecumenical Temple.
  4539 | Temple   | Entered the Ecumenical Temple
  4554 | Temple   | Became a worshipper of Makhleb the Destroyer
  4620 | D:5      | Noticed Eustachio
  4655 | D:5      | Killed Eustachio
  4655 | D:5      | Reached skill level 9 in Axes
  5000 | D:5      | Reached skill level 10 in Axes
  5344 | D:5      | Got a pitted rapier
  5345 | D:5      | Identified the +7 rapier "Ixeneluo" {pierce, rF++ rC+ Str-5} (You found it on level 5 of the Dungeon)
  5594 | D:6      | Noticed Dowan
  5596 | D:6      | Noticed Duvessa
  5745 | D:6      | Killed Dowan
  5750 | D:6      | Killed Duvessa
  5968 | D:6      | Gained mutation: Your body sometimes deteriorates upon taking damage. [mutagenic meat]
  5969 | D:6      | Gained mutation: You are dopey. (Int -2) [mutagenic meat]
  5970 | D:6      | Gained mutation: Your flesh is cold resistant. (rC+) [mutagenic meat]
  5972 | D:6      | Gained mutation: You are very dopey. (Int -4) [mutagenic meat]
  5973 | D:6      | Gained mutation: You passively map a small area around you. [mutagenic meat]
  6156 | D:6      | Noticed Prince Ribbit
  6182 | D:6      | Found a snail-covered altar of Cheibriados.
  6185 | D:6      | Found a glowing golden altar of the Shining One.
  6719 | D:6      | Killed Prince Ribbit
  6719 | D:6      | Reached skill level 11 in Axes
  6725 | D:6      | Found a bloodstained altar of Trog.
  6734 | D:6      | Found a white marble altar of Elyvilon.
  6734 | D:6      | Found an iron altar of Okawaru.
  6734 | D:6      | Found a shattered altar of Ashenzari.
  6735 | D:6      | Found an ancient bone altar of Kikubaaqudgha.
  6735 | D:6      | Found a hazy altar of Hepliaklqana.
  6736 | D:6      | Found a radiant altar of Vehumet.
  6737 | D:6      | Found a deep blue altar of Sif Muna.
  6738 | D:6      | Found a hide-covered altar of Uskayaw.
  6739 | D:6      | Found a stormy altar of Qazlal.
  7124 | D:7      | Noticed Naksu's ghost (novice DrCj)
  7125 | D:7      | Reached XP level 10. HP: 67/67 MP: 10/10
  7127 | D:7      | Lost mutation: You passively map a small area around you. [potion of cure mutation]
  7127 | D:7      | Lost mutation: Your body sometimes deteriorates upon taking damage. [potion of cure mutation]
  7127 | D:7      | Lost mutation: Your flesh is cold resistant. (rC+) [potion of cure mutation]
  7127 | D:7      | Lost mutation: You are very dopey. (Int -4) [potion of cure mutation]
  7127 | D:7      | Lost mutation: You are dopey. (Int -2) [potion of cure mutation]
  7427 | D:7      | Reached * piety under Makhleb
  7554 | D:7      | Killed Naksu's ghost
  7554 | D:7      | Reached skill level 12 in Axes
  8279 | D:8      | Found Losakh's Distillery.
  8287 | D:8      | Bought a potion of berserk rage for 60 gold pieces
  8287 | D:8      | Bought 2 potions of heal wounds for 120 gold pieces
  8287 | D:8      | Bought a potion of flight for 36 gold pieces
  8287 | D:8      | Bought a potion of heal wounds for 60 gold pieces
  8488 | D:8      | Gained mutation: You are weak. (Str -2) [potion of mutation]
  8488 | D:8      | Gained mutation: Armour fits poorly on your strangely shaped body. [potion of mutation]
  8488 | D:8      | Gained mutation: Your mind is acute. (Int +2) [potion of mutation]
  9376 | D:9      | Reached skill level 1 in Evocations
  9710 | D:9      | Reached skill level 5 in Evocations
 10003 | D:9      | Reached ** piety under Makhleb
 10035 | D:9      | Reached skill level 10 in Fighting
 10035 | D:9      | Reached XP level 11. HP: 91/91 MP: 15/15
 10535 | D:9      | Reached XP level 12. HP: 44/97 MP: 16/16
 10911 | D:10     | Entered Level 10 of the Dungeon
 10963 | D:10     | You fall through a shaft for 3 floors!
 10963 | D:13     | Noticed a five-headed hydra
 11095 | D:14     | Identified a scroll of acquirement
 11096 | D:14     | Got a jewelled battleaxe
 11097 | D:14     | Identified the +9 battleaxe "Demonslayer" {chop, +Inv rElec rC-} (You acquired it on level 14 of the Dungeon)
 11104 | D:14     | HP: 2/98 [cyclops/large rock (3)]
 11109 | D:14     | HP: 3/98 [bullfrog (6)]
 11114 | D:14     | Noticed a wizard
 11114 | D:14     | Noticed fatfloppyjuicyveiny's ghost (novice KoHu)
 11120 | D:14     | Killed from afar by a wizard

Skill      XL: |  1  2  3  4  5  6  7  8  9 10 11 12 |
---------------+-------------------------------------+-----
Armour         | 2 4 6 7 |  7.0
Axes           | 4 5 8 11 12 | 12.8
Evocations     | 6 7 |  7.3
Fighting       | 10 | 10.5
Throwing       | |  2.0
Dodging        | |  2.6

Action                   |  1- 3 |  4- 6 |  7- 9 | 10-12 || total
-------------------------+-------+-------+-------+-------++-------
Melee: War axe           |    82 |    20 |   543 |   255 ||   900
       Battleaxe         |       |       |       |     1 ||     1
Throw: Throwing net      |       |     1 |     5 |     1 ||     7
 Abil: Dig               |       |       |     1 |     5 ||     6
       Shaft Self        |       |       |       |     1 ||     1
       Evoke Invisibilit |       |       |       |     1 ||     1
Evoke: Wand              |       |       |     1 |    32 ||    33
  Use: Scroll            |       |     6 |     5 |     8 ||    19
       Potion            |       |     1 |     5 |    17 ||    23
 Stab: Held in net/web   |       |     1 |     2 |       ||     3
  Eat: Chunk             |       |       |    23 |     3 ||    26
       Royal jelly       |       |       |     1 |       ||     1
       Pizza             |       |       |     1 |       ||     1
       Meat ration       |       |       |       |     2 ||     2
Armor: Leather armour    |    13 |       |       |       ||    13
       Chain mail        |    28 |     3 |   265 |   114 ||   410
       Skin              |       |     5 |    13 |       ||    18
Dodge: Dodged            |    53 |     2 |   256 |   180 ||   491
